Map: Monte Asper

Players

джим

  • Race: Zerg Zerg

Bobbb

  • Race: Zerg Zerg

TooDucky

  • Race: Terran Terran

Coyot

  • Race: Protoss Protoss

BBWHITE - Winner!

  • Race: Terran Terran
  • League: Gold

Jhyrachy - Winner!

  • Race: Zerg Zerg
  • League: Gold

Benoit - Winner!

  • Race: Protoss Protoss
  • League: Silver

CEMTOKGOZ - Winner!

  • Race: Terran Terran

VOD

Have the link to the VOD?

Description

Time

  • Played on: May 26, 2016, 3:21 p.m.
  • Length: 24:18
Show
View Real Time Build Order
Export as new Build Order

джим Zerg 

Build Orders: Pool First 

Get SALT Encoding   

  12  0:05  Drone  
  13  0:25  Spawning Pool  
  13  0:28  Drone  
  13  0:44  Overlord x2  
  13  1:10  Drone x2  
  15  1:13  Queen  
  15  1:15  Drone  
  18  1:26  Extractor  
  18  1:27  Drone  
  18  1:56  Zergling x6  
  21  2:13  Drone  
  22  2:43  Zergling x2  
  24  2:44  Zergling x6  
  26  3:18  Extractor  
  25  3:20  Lair  
  25  3:21  Metabolic Boost  
  25  3:43  Zergling x2  
  25  3:44  Zergling x8  
  30  3:59  Overlord  
  30  4:00  Overlord  
  30  4:18  Drone x4  
  34  4:43  Spore Crawler  
  33  4:59  Drone x2  
  35  5:18  Hydralisk Den  
  34  5:34  Hatchery  
  33  5:48  Muscular Augments  
  33  5:50  Hydralisk  
  33  5:51  Hydralisk x5  
  41  6:49  Overlord x3  
  41  6:50  Overlord x3  
  41  6:53  Drone  
  41  6:54  Drone x2  
  44  6:59  Drone x2  
  44  7:01  Queen  
  43  7:31  Spore Crawler  
  43  7:37  Spore Crawler  
  41  7:40  Drone  
  40  8:23  Hydralisk  
  40  8:24  Hatchery, Hydralisk x5  
  49  9:04  Hydralisk  
  49  9:05  Hydralisk x4  
  53  9:39  Drone x4  
  57  10:16  Hydralisk x2  
  57  10:17  Hydralisk x2  
  65  10:53  Hydralisk x5  
  23  12:02  Extractor  
  23  12:03  Drone x3  
  25  12:14  Hydralisk x5  
  25  12:15  Hydralisk x2  
  22  13:03  Spore Crawler  
  22  13:05  Spore Crawler  
  8  13:50  Spawning Pool  
  8  13:54  Drone x2  
  8  13:55  Drone x5  
  14  14:01  Drone x3  
  17  14:19  Extractor  
  17  14:21  Drone  
  17  14:45  Queen  
  19  14:50  Drone  
  19  14:51  Drone x2  
  22  15:22  Lair  
  22  15:34  Drone x2  
  24  16:05  Baneling Nest  
  23  16:24  Spire  
  22  16:33  Drone  
  23  16:50  Queen  
  23  16:53  Overlord x2  
  23  16:54  Overlord x6  
  25  17:00  Centrifical Hooks  
  25  17:16  Hatchery  
  24  17:43  Mutalisk x4  
  32  18:43  Mutalisk x3  
  32  18:44  Mutalisk x3  
  24  19:33  Mutalisk x4  
  24  19:34  Mutalisk x2  
  24  20:38  Mutalisk  
  24  20:39  Mutalisk x6  
  38  21:23  Mutalisk x5  
  38  21:24  Mutalisk  
  50  21:31  Spore Crawler  
  49  21:33  Spore Crawler  
  49  21:37  Spore Crawler  
  49  21:38  Spore Crawler  
  46  21:44  Spore Crawler  
  46  21:45  Spore Crawler  
  44  21:50  Spore Crawler  
  44  21:53  Spore Crawler  
  42  21:55  Spore Crawler  
  42  21:57  Spore Crawler  
  40  22:08  Mutalisk  
  40  22:09  Mutalisk x4  
  40  22:10  Mutalisk x2  
Show
View Real Time Build Order
Export as new Build Order

Bobbb Zerg 

Build Orders: Hatch First 

Get SALT Encoding   

  12  0:08  Drone  
  12  0:13  Drone  
  14  0:37  Hatchery  
  14  0:41  Drone  
  14  0:59  Spawning Pool  
  14  1:00  Drone  
  14  1:10  Extractor  
  14  1:11  Drone  
  14  1:15  Overlord  
  14  1:20  Extractor, Drone  
  14  1:36  Drone x2  
  16  1:46  Drone  
  17  1:49  Queen  
  19  2:00  Metabolic Boost  
  19  2:18  Zergling x6  
  19  2:19  Zergling x2  
  23  2:26  Overlord  
  23  2:42  Lair  
  23  2:43  Drone  
  24  2:45  Drone  
  25  2:52  Zergling x4  
  25  2:53  Zergling x2  
  28  3:06  Queen  
  28  3:08  Drone  
  31  3:16  Spine Crawler  
  30  3:42  Drone x3  
  30  3:48  Hydralisk Den  
  32  3:52  Evolution Chamber  
  31  3:55  Evolution Chamber  
  31  4:00  Drone  
  31  4:01  Drone x3  
  34  4:16  Drone  
  35  4:20  Drone  
  35  4:21  Overlord  
  35  4:23  Overlord  
  36  4:35  Overlord x2  
  36  4:58  Muscular Augments  
  36  5:00  Zerg Ground Armor Level 1, Zerg Missile Weapons Level 1  
  36  5:03  Extractor  
  36  5:06  Extractor, Drone x2  
  36  5:07  Drone  
  37  5:17  Drone x2  
  39  5:29  Overlord  
  39  5:32  Hydralisk  
  39  5:33  Hydralisk  
  43  5:40  Spore Crawler  
  43  5:41  Drone x2  
  44  6:02  Drone x5  
  48  6:46  Infestation Pit  
  47  6:47  Drone  
  47  6:48  Drone x5  
  47  6:50  Hatchery  
  52  7:01  Overseer x2  
  52  7:04  Zerg Missile Weapons Level 2  
  52  7:05  Zerg Ground Armor Level 2  
  52  7:09  Hydralisk x2  
  52  7:10  Hydralisk  
  58  7:24  Spore Crawler  
  58  7:26  Spore Crawler  
  58  7:28  Spore Crawler  
  49  7:30  Queen, Spore Crawler  
  49  7:35  Spore Crawler  
  49  7:39  Hydralisk x3  
  49  7:42  Hydralisk  
  57  7:54  Spore Crawler  
  56  7:58  Spore Crawler  
  56  7:59  Pneumatized Carapace  
  56  8:02  Overseer x2  
  55  8:10  Drone  
  56  8:35  Drone x2  
  56  8:36  Drone  
  59  8:48  Hydralisk  
  59  8:49  Hydralisk x6  
  73  9:26  Hydralisk x2  
  73  9:27  Hydralisk x2  
  73  9:28  Overlord x4  
  81  9:34  Drone  
  81  9:38  Extractor  
  81  9:41  Extractor  
  81  9:42  Queen  
  81  9:43  Spore Crawler  
  81  9:45  Drone  
  82  10:03  Hive  
  82  10:11  Drone x2  
  82  10:12  Drone x4  
  88  10:16  Hydralisk x2  
  92  10:40  Drone x3  
  92  10:41  Drone x5  
  92  10:42  Overlord, Drone  
  101  10:56  Hydralisk  
  101  10:57  Hydralisk x3  
  109  11:13  Drone x4  
  109  11:14  Drone x2  
  115  11:27  Hydralisk  
  115  11:28  Hydralisk x2  
  115  11:30  Overlord x5  
  69  12:05  Queen  
  69  12:07  Hydralisk  
  69  12:08  Hydralisk x12  
  73  12:09  Hydralisk  
  73  12:12  Hydralisk  
  73  12:14  Hydralisk  
  103  12:23  Overseer  
  103  12:24  Overseer x3  
  93  12:45  Zerg Ground Armor Level 3, Zerg Missile Weapons Level 3  
  81  12:52  Spore Crawler  
  70  13:02  Hydralisk x9  
  82  13:19  Spore Crawler  
  81  13:22  Spore Crawler  
  81  13:23  Hydralisk  
  81  13:24  Hydralisk x5  
  84  13:43  Hydralisk  
  84  13:44  Hydralisk x5  
  90  13:57  Hydralisk x4  
  98  14:18  Overseer x2  
  98  14:43  Overlord x3  
  98  14:44  Overlord x4  
  98  14:45  Overlord x2  
  98  15:07  Adrenal Glands  
  98  15:09  Zergling x2  
  98  15:10  Zergling x24  
  111  15:22  Zerg Melee Weapons Level 1  
  111  15:32  Zergling x6  
  111  15:33  Zergling x12  
  120  16:18  Hydralisk  
  120  16:19  Hydralisk x13  
  148  16:54  Hydralisk  
  73  17:20  Hydralisk  
  73  17:21  Hydralisk x12  
  88  17:29  Zerg Melee Weapons Level 2  
  88  17:30  Zergling x2  
  89  17:45  Hydralisk  
  89  17:46  Hydralisk x6  
  103  18:13  Hydralisk x3  
  103  18:14  Hydralisk x6  
  121  18:20  Overseer x2  
Show
View Real Time Build Order
Export as new Build Order

TooDucky Terran 

Build Orders: MMM Bio 

Get SALT Encoding   

  12  0:01  SCV  
  13  0:14  SCV  
  14  0:26  SCV  
  14  0:27  Supply Depot  
  15  0:49  SCV  
  16  0:52  Barracks  
  16  1:01  SCV  
  17  1:13  SCV  
  18  1:28  Command Center  
  18  1:32  SCV  
  19  1:37  Refinery  
  19  1:39  Engineering Bay  
  19  1:44  SCV  
  20  1:47  Refinery  
  20  1:56  SCV  
  20  1:57  Supply Depot  
  20  2:00  Marine  
  22  2:13  Orbital Command  
  22  2:39  Planetary Fortress  
  22  2:43  Barracks  
  22  2:48  SCV  
  23  3:00  SCV  
  23  3:02  Barracks Reactor  
  24  3:13  Barracks  
  24  3:24  Command Center  
  25  3:27  SCV  
  25  3:30  SCV  
  26  3:39  Barracks Tech Lab, SCV  
  27  3:43  SCV  
  28  3:51  SCV  
  28  3:55  SCV  
  30  4:03  SCV  
  30  4:05  Engineering Bay  
  30  4:07  SCV  
  30  4:09  Factory  
  32  4:10  Barracks Reactor  
  32  4:14  Stimpack  
  32  4:19  Marine  
  32  4:20  Marine  
  32  4:23  SCV  
  35  4:24  SCV  
  36  4:34  Missile Turret  
  36  4:35  SCV  
  36  4:37  Missile Turret  
  37  4:43  Missile Turret  
  37  4:45  Marine x2  
  39  4:55  Marine x3  
  39  4:59  SCV  
  43  5:03  Marine x2  
  45  5:08  Starport  
  45  5:11  Terran Infantry Weapons Level 1  
  45  5:15  Terran Infantry Armor Level 1  
  45  5:18  Marine x2  
  45  5:20  Marine  
  48  5:24  SCV x2  
  48  5:26  SCV  
  51  5:36  Factory Reactor, SCV x2  
  51  5:38  SCV  
  54  5:44  Starport  
  54  5:45  Starport Reactor  
  54  5:47  Marine  
  54  5:48  Marine, SCV  
  54  5:49  SCV  
  58  5:53  Orbital Command  
  58  6:15  Combat Shields  
  58  6:17  Command Center  
  58  6:25  Marine x3  
  61  6:31  Supply Depot  
  61  6:32  Supply Depot x2  
  61  6:34  Supply Depot x2  
  61  6:35  Supply Depot  
  61  6:51  Refinery  
  61  6:52  Refinery  
  61  6:53  Marine x4, SCV x3  
  68  6:56  Armory  
  68  7:04  Marine, Refinery x2  
  68  7:05  SCV x3  
  72  7:10  Marine x4  
  76  7:17  SCV  
  76  7:21  Missile Turret  
  77  7:25  Missile Turret  
  77  7:33  Marine x4  
  81  7:43  Barracks  
  81  7:44  Barracks  
  81  7:46  Barracks  
  81  7:47  Barracks  
  81  7:51  Barracks  
  81  7:54  Barracks  
  81  8:01  Marine x2  
  81  8:02  Marine x3  
  81  8:04  Missile Turret, Medivac  
  81  8:05  Missile Turret  
  88  8:10  SCV x3  
  91  8:18  Supply Depot  
  91  8:20  Supply Depot  
  91  8:22  SCV  
  91  8:24  Supply Depot x2  
  92  8:33  Barracks Reactor x2  
  92  8:38  Barracks Reactor  
  92  8:42  Barracks Reactor  
  92  8:44  Barracks Reactor  
  92  8:46  Medivac x4  
  100  8:49  Marine  
  100  8:50  Marine x4  
  105  9:07  Marine x2  
  105  9:09  Missile Turret  
  107  9:10  Missile Turret x2  
  107  9:11  Missile Turret, Orbital Command  
  107  9:13  Missile Turret, Command Center  
  107  9:16  Medivac x4  
  115  9:20  Terran Infantry Weapons Level 2  
  115  9:21  Terran Infantry Armor Level 2  
  115  9:23  Terran Vehicle And Ship Armor Level 1  
  115  9:25  Marine  
  115  9:26  Marine x3  
  119  9:44  Marine x5  
  119  9:45  Marine x5  
  126  9:46  Marine x5  
  134  9:57  Medivac  
  136  10:02  Marine x6  
  136  10:03  Marine x5  
  136  10:04  Marine, Supply Depot x2  
  136  10:06  Supply Depot  
  148  10:08  Supply Depot  
  148  10:10  Supply Depot  
  148  10:15  Marine x3  
  148  10:19  Marine  
  148  10:20  Marine x3  
  155  10:33  Orbital Command  
  155  10:35  Marine x3  
  156  10:36  Marine x5  
  156  10:37  Marine x5  
  156  10:38  Marine x2  
  156  10:40  Medivac x3  
  176  10:42  Medivac  
  178  10:53  Marine x4  
  178  10:54  Marine x4  
  178  10:55  Marine x6  
  178  10:56  Marine  
  193  11:10  Barracks Reactor  
  193  11:11  Marine x5  
  194  11:12  Marine x2  
  83  11:48  Marine x3  
  83  11:49  Marine x6  
  83  11:50  Marine x5  
  83  11:51  Marine x3  
  98  12:06  Marine x4  
  98  12:07  Marine x6  
  98  12:08  Marine x5  
  110  12:09  Marine x2, Barracks  
  110  12:11  Barracks  
  115  12:16  Terran Infantry Weapons Level 3  
  115  12:20  Terran Infantry Armor Level 3  
  115  12:24  Marine x6  
  115  12:25  Marine x5  
  115  12:26  Marine x3  
  89  12:40  Marine x3  
  89  12:41  Marine  
  89  12:42  Marine x5  
  89  12:43  Marine x6  
  89  12:44  Marine x2  
  98  12:58  Marine x3  
  82  12:59  Marine x2  
  82  13:00  Marine x5  
  82  13:01  Marine  
  82  13:02  Marine x2  
  82  13:03  Marine x2, Medivac x2  
  82  13:04  Medivac x2  
  99  13:06  Marine x2  
  95  13:24  Marine x5  
  95  13:25  Marine x6  
  95  13:26  Marine x5  
  110  13:27  Marine  
  110  13:33  Medivac x3  
  97  13:59  Medivac  
  97  14:01  Marine x2  
  97  14:02  Marine x2  
  103  14:03  Medivac x3  
  109  14:29  Medivac  
  109  14:30  Marine x5  
  116  14:33  Medivac x3  
  122  14:40  Marine x2  
  122  14:42  Command Center  
  122  14:44  Marine x4  
  122  14:45  Marine  
  129  14:57  Marine x4  
  129  14:58  Marine x2  
  129  14:59  Medivac  
  137  15:00  Marine  
  137  15:05  Marine x2  
  140  15:07  Marine x2  
  140  15:08  Marine  
  140  15:10  Marine  
  140  15:11  Marine  
  79  16:39  Marine x4  
  79  16:40  Marine  
  79  16:41  Marine x5  
  82  16:50  Marine x6  
  82  16:51  Marine  
  88  16:57  Marine x4  
  88  16:58  Marine x2  
  88  16:59  Marine x4  
  98  17:03  Planetary Fortress  
  98  17:07  Marine  
  98  17:08  Marine x6  
  102  17:14  Marine  
  102  17:15  Marine x3  
  109  17:16  Marine x3  
  109  17:17  Marine x3  
  115  17:25  Marine x3  
  115  17:26  Marine x4  
  122  17:32  Marine x2, Barracks Reactor  
  122  17:33  Marine x2  
  122  17:34  Marine x4  
  122  17:35  Marine x2  
  132  17:41  Barracks Reactor  
  132  17:45  Viking x2  
  132  17:46  Viking x2  
  140  17:54  Marine  
  140  17:55  Marine x6  
  140  17:56  Marine  
  148  18:01  Marine x3  
  148  18:02  Marine x3  
  148  18:04  Marine  
  154  18:15  Viking  
  130  18:33  Marine  
  130  18:34  Marine x6  
  90  19:02  Marine x3  
  85  19:03  Marine x6  
  85  19:04  Marine x5  
  54  20:53  Marine  
  54  20:54  Marine x5  
  54  20:55  Marine  
  64  20:59  Marine  
  62  21:11  Marine x2  
  61  21:12  Marine x3  
  61  21:14  Marine  
  57  21:29  Marine  
  57  21:30  Marine  
Show
View Real Time Build Order
Export as new Build Order

Coyot Protoss 

Build Orders:  

Get SALT Encoding   

  12  0:02  Probe (Chrono Boost)  
  13  0:12  Probe (Chrono Boost)  
  14  0:21  Pylon  
  14  0:23  Probe (Chrono Boost)  
  15  0:39  Probe (Chrono Boost)  
  16  0:51  Forge  
  16  1:11  Pylon  
  16  1:12  Probe (Chrono Boost)  
  17  1:24  Pylon  
  17  1:35  Photon Cannon  
  17  1:45  Photon Cannon  
  17  1:53  Pylon  
  17  1:59  Pylon  
  16  2:11  Pylon  
  16  2:20  Photon Cannon  
  16  2:41  Photon Cannon  
  16  2:50  Probe (Chrono Boost)  
  17  2:51  Photon Cannon  
  17  2:54  Photon Cannon  
  17  3:00  Probe (Chrono Boost)  
  18  3:11  Probe (Chrono Boost)  
  19  3:17  Gateway  
  19  3:21  Probe (Chrono Boost)  
  20  3:40  Assimilator  
  20  3:42  Assimilator  
  20  3:43  Nexus  
  20  3:59  Pylon  
  20  4:02  Photon Cannon  
  20  4:05  Gateway  
  20  4:08  Probe (Chrono Boost)  
  21  4:19  Probe (Chrono Boost)  
  22  4:27  Cybernetics Core  
  22  4:29  Probe (Chrono Boost)  
  23  4:38  Photon Cannon  
  23  4:46  Pylon  
  23  4:57  Probe (Chrono Boost)  
  24  5:06  Warp Gate (Chrono Boost)  
  24  5:20  Probe, Photon Cannon  
  24  5:24  Photon Cannon  
  25  5:31  Probe, Stalker  
  28  5:42  Gateway  
  28  5:50  Gateway  
  28  5:55  Probe  
  29  6:05  Probe, Stalker  
  32  6:15  Pylon  
  32  6:16  Probe  
  33  6:20  Pylon  
  33  6:26  Photon Cannon  
  33  6:40  Photon Cannon  
  33  6:41  Photon Cannon  
  33  6:45  Probe, Photon Cannon  
  34  6:55  Probe  
  34  6:58  Photon Cannon  
  35  7:04  Photon Cannon  
  35  7:19  Photon Cannon  
  35  7:25  Photon Cannon  
  35  7:28  Probe  
  35  7:29  Pylon  
  36  7:32  Sentry  
  38  7:38  Probe  
  38  7:42  Pylon  
  38  7:43  Pylon  
  39  7:49  Probe  
  39  7:51  Gateway  
  32  8:00  Probe  
  32  8:03  Photon Cannon  
  32  8:05  Photon Cannon  
  33  8:21  Stalker  
  33  8:22  Stalker  
  33  8:23  Stalker  
  23  9:02  Probe  
  24  9:14  Probe  
  25  9:20  Nexus  
  25  9:26  Gateway  
  25  9:55  Pylon  
  25  9:57  Gateway  
  25  9:59  Gateway  
  25  10:06  Protoss Ground Weapons Level 1 (Chrono Boost)  
  25  10:28  Twilight Council  
  25  10:32  Pylon  
  25  10:40  Forge  
  25  10:46  Gateway  
  25  10:54  Probe  
  26  11:05  Probe  
  27  11:16  Blink (Chrono Boost)  
  27  11:28  Stalker, Protoss Ground Armor Level 1 (Chrono Boost)  
  29  11:34  Stalker  
  31  11:46  Assimilator  
  31  11:50  Assimilator  
  31  11:52  Stalker  
  33  12:01  Stalker  
  33  12:06  Stalker  
  37  12:14  Protoss Ground Weapons Level 2 (Chrono Boost)  
  37  12:20  Stalker  
  39  12:31  Stalker  
  39  12:32  Sentry  
  39  12:33  Sentry  
  27  12:59  Stalker x3  
  27  13:00  Stalker  
  27  13:02  Sentry  
  35  13:19  Stalker x2  
  37  13:36  Stalker  
  37  13:37  Stalker x2  
  41  13:50  Stalker x2  
  41  13:53  Sentry  
  47  13:55  Sentry  
  49  14:04  Protoss Ground Armor Level 2 (Chrono Boost)  
  49  14:11  Stalker  
  49  14:13  Sentry  
  53  14:37  Probe, Nexus  
  53  14:44  Probe  
  55  14:48  Probe  
  55  14:51  Stalker  
  58  15:05  Stalker  
  58  15:06  Stalker  
  62  15:08  Sentry  
  64  15:37  Stalker x3  
  64  15:38  Stalker  
  64  15:40  Sentry  
  74  15:43  Sentry  
  76  15:52  Probe  
  77  16:02  Probe  
  78  16:13  Probe  
  78  16:15  Stalker x3  
  85  16:23  Probe  
  42  17:17  Stalker x3  
  42  17:18  Stalker x3  
  42  17:19  Stalker  
  46  17:37  Stalker  
  46  17:45  Probe  
  47  17:55  Probe  
  48  18:00  Stalker x2  
  48  18:01  Stalker  
  48  18:02  Stalker  
  48  18:03  Sentry x2  
  48  18:04  Sentry x2  
  63  18:06  Probe  
  64  18:17  Probe  
  64  18:27  Probe  
  36  18:45  Stalker  
  36  18:46  Stalker x3  
  36  18:47  Stalker x3  
  48  19:11  Stalker x3  
  48  19:12  Stalker x4  
  62  19:45  Stalker x3  
  64  19:46  Stalker x2  
  64  19:47  Stalker x2  
  76  20:09  Sentry x4  
  76  20:11  Stalker  
  76  20:12  Stalker x2  
  38  20:45  Stalker  
  38  20:46  Stalker x5  
  38  20:47  Stalker  
  52  21:17  Stalker x3  
  52  21:18  Stalker x2  
  60  21:19  Stalker  
  58  21:42  Stalker x2  
  62  22:10  Pylon  
  62  22:11  Pylon  
  62  22:14  Pylon  
  62  22:15  Pylon x2  
  62  22:38  Stalker x4  
  62  22:39  Stalker x2  
  62  22:40  Stalker  
Show
View Real Time Build Order
Export as new Build Order

BBWHITE Terran - Winner!

Build Orders: Command Center First (CC) 

Get SALT Encoding   

  12  1:40  SCV  
  13  1:50  Refinery  
  13  1:52  SCV  
  14  2:04  SCV  
  14  2:06  Supply Depot  
  15  2:10  Command Center  
  15  2:28  SCV  
  16  2:40  SCV  
  17  2:44  Barracks  
  17  2:48  Supply Depot  
  17  2:52  Refinery, SCV  
  18  3:04  SCV  
  19  3:16  SCV  
  20  3:28  Supply Depot, SCV  
  21  3:40  SCV  
  22  3:41  Supply Depot  
  22  3:43  Marine  
  23  3:50  Orbital Command  
  23  3:53  Orbital Command  
  23  3:57  Engineering Bay  
  23  4:00  Barracks  
  23  4:25  Marine  
  24  4:40  Factory  
  24  4:43  Marine  
  26  4:45  SCV  
  26  4:54  Barracks Tech Lab  
  26  4:57  SCV  
  27  5:01  Marine  
  28  5:09  SCV  
  29  5:18  Marine  
  29  5:21  SCV  
  31  5:22  SCV  
  32  5:32  Refinery x2  
  32  5:33  SCV  
  32  5:34  SCV  
  34  5:36  Marine  
  34  5:38  Factory Tech Lab  
  35  5:43  Building Armor, Starport  
  35  5:45  SCV  
  36  5:52  SCV  
  36  5:54  Marine  
  38  5:57  SCV  
  38  6:00  Siege Tank  
  42  6:04  SCV  
  43  6:12  Marauder  
  45  6:19  Barracks  
  45  6:22  Starport Reactor  
  45  6:32  Siege Tank  
  48  6:34  Marauder  
  50  6:55  Missile Turret  
  50  6:56  Missile Turret  
  50  7:05  SCV  
  51  7:17  SCV  
  52  7:26  Missile Turret  
  52  7:28  Missile Turret  
  52  7:29  SCV  
  53  7:32  Barracks Reactor  
  53  7:41  SCV  
  53  7:43  Terran Infantry Weapons Level 1  
  54  7:45  Barracks Tech Lab  
  54  7:49  Barracks Reactor  
  54  7:53  SCV  
  54  7:57  Stimpack  
  54  7:58  Engineering Bay, Medivac x2  
  59  8:02  Siege Tank  
  62  8:16  Supply Depot  
  62  8:38  Medivac, Marauder, Siege Tank  
  62  8:39  Supply Depot  
  69  8:55  Marine  
  70  9:00  Terran Infantry Armor Level 1  
  70  9:01  Marine, Medivac, Marauder  
  75  9:03  Supply Depot  
  75  9:13  Marine  
  76  9:18  Marine  
  76  9:22  Marine  
  78  9:27  Supply Depot  
  78  9:30  Marine  
  79  9:36  Marine, Viking x2  
  84  9:40  Marauder  
  86  9:48  Marine x3  
  89  9:54  Marine  
  89  9:57  Combat Shields  
  90  10:02  Command Center, Marauder  
  90  10:06  Viking x2  
  96  10:23  Widow Mine, Marauder  
  100  10:33  Armory  
  100  10:36  Medivac x2  
  104  10:44  Marauder  
  106  10:52  Widow Mine  
  108  11:06  Marauder  
  110  11:20  Widow Mine  
  90  12:20  Terran Infantry Weapons Level 2  
  90  12:21  Terran Infantry Armor Level 2  
  90  12:22  Supply Depot  
  90  12:25  Marine x3  
  93  12:44  Marine x5  
  98  12:48  Supply Depot  
  92  13:01  Marine  
  92  13:02  Marauder  
  93  13:11  Supply Depot  
  91  13:23  Marauder  
  76  13:45  Marauder  
  63  14:00  Medivac x2  
  63  14:02  Siege Tank  
  68  14:06  Marauder  
  70  14:12  Marine x2  
  72  14:25  Marine x2  
  72  14:27  Marauder  
  72  14:29  Medivac  
  72  14:30  Marine x2, Medivac  
  82  14:34  Factory, Siege Tank  
  85  14:38  Starport  
  85  14:42  Marine  
  85  14:43  Marine, Terran Vehicle Weapons Level 1  
  87  14:48  Marine x2  
  87  14:49  Marauder  
  87  14:50  Planetary Fortress  
  91  14:55  Refinery  
  91  15:00  Marine x2  
  91  15:06  Marine x2, Siege Tank  
  98  15:10  Marauder  
  100  15:18  Marine x2  
  100  15:21  Refinery  
  102  15:32  Marauder  
  101  15:39  Marine x2, Siege Tank  
  106  15:45  Starport Reactor  
  106  15:46  Terran Infantry Weapons Level 3  
  106  15:48  Terran Infantry Armor Level 3  
  106  15:56  Marine x2  
  108  16:11  Siege Tank  
  111  16:14  Marine x2  
  113  16:27  Marauder  
  113  16:28  Marine x2  
  117  16:48  Supply Depot  
  117  16:49  Supply Depot  
  117  16:50  Supply Depot  
  117  16:51  Factory Reactor  
  117  16:57  Marine x3  
  117  16:58  Marauder, Siege Tank  
  125  17:01  Marine  
  126  17:10  Supply Depot  
  126  17:12  Supply Depot  
  126  17:15  Marine  
  126  17:19  Marine, Marauder  
  130  17:30  Siege Tank  
  130  17:33  Marine  
  130  17:37  Marine  
  134  17:41  Marauder  
  137  17:48  Widow Mine x2  
  141  18:02  Marauder, Siege Tank  
  146  18:16  Widow Mine x2  
  105  18:45  Widow Mine  
  85  19:16  Siege Tank  
  88  19:18  Medivac x3, Viking  
  96  19:25  Marine x5  
  96  19:27  Concussive Shells  
  101  19:43  Marine x3  
  104  19:48  Medivac, Viking x3, Siege Tank  
  115  20:11  Refinery  
  115  20:13  Missile Turret  
  115  20:14  Refinery  
  115  20:15  Missile Turret  
  115  20:17  Medivac  
  115  20:18  Medivac  
  115  20:20  Siege Tank  
  122  20:24  Command Center  
  122  20:52  Siege Tank  
  125  20:59  Marine x5  
  130  21:17  Marine x5  
  135  21:26  Terran Vehicle Weapons Level 2  
  135  21:34  Marine x2  
  135  21:35  Marine x3  
  140  21:52  Marine x3  
  140  21:53  Marine x2  
  145  22:11  Marine  
Show
View Real Time Build Order
Export as new Build Order

Jhyrachy Zerg - Winner!

Build Orders: Pool First, Lurkers 

Get SALT Encoding   

  12  0:03  Drone  
  13  0:10  Drone  
  14  0:24  Overlord  
  14  0:47  Spawning Pool, Drone x2  
  15  1:00  Drone x2  
  17  1:15  Extractor  
  17  1:16  Drone  
  17  1:36  Drone  
  17  1:38  Queen  
  20  1:43  Zergling x4  
  22  1:54  Overlord  
  22  2:00  Hatchery  
  21  2:09  Drone  
  20  2:40  Metabolic Boost  
  20  2:58  Lair  
  20  3:00  Extractor  
  19  3:20  Drone  
  19  3:21  Drone  
  19  3:22  Drone x3  
  24  3:38  Queen  
  26  3:45  Drone x3  
  29  4:02  Drone x7  
  36  4:04  Overlord  
  36  4:08  Extractor  
  36  4:09  Extractor  
  34  4:22  Drone x2  
  34  4:23  Drone x2  
  38  4:34  Spire  
  37  4:40  Drone  
  37  4:41  Drone x4  
  42  4:50  Overlord  
  42  4:51  Overlord  
  42  4:54  Drone  
  43  5:47  Mutalisk x2  
  43  5:48  Mutalisk x6  
  59  5:50  Overlord x2  
  59  5:54  Zerg Flyer Weapons Level 1  
  59  6:12  Spine Crawler  
  58  6:19  Spine Crawler  
  58  6:21  Mutalisk  
  58  6:22  Mutalisk x3  
  65  6:26  Overlord x3  
  65  6:43  Spine Crawler  
  65  6:45  Spine Crawler  
  63  6:50  Spore Crawler  
  62  7:27  Mutalisk  
  62  7:28  Mutalisk x6  
  72  8:35  Mutalisk x6  
  72  8:36  Mutalisk  
  70  9:13  Pneumatized Carapace  
  70  9:26  Hydralisk Den  
  69  10:12  Lurker Den  
  69  10:17  Hatchery  
  69  10:18  Hydralisk  
  69  10:19  Hydralisk x6  
  69  10:20  Hydralisk  
  84  10:29  Spine Crawler  
  84  10:32  Spine Crawler  
  82  10:39  Infestation Pit  
  81  11:17  Hive  
  79  11:45  Lurker  
  79  11:46  Lurker x5  
  79  11:47  Lurker x2  
  63  12:19  Queen  
  63  12:21  Drone x3  
  47  13:08  Greater Spire  
  47  13:13  Queen  
  46  13:40  Hydralisk x8  
  46  13:41  Hydralisk x5  
  62  13:42  Hydralisk x3  
  78  13:50  Extractor  
  78  13:53  Corruptor x4, Extractor  
  84  14:04  Queen  
  84  14:09  Hatchery  
  85  14:10  Lurker  
  86  14:25  Lurker x4  
  90  15:19  Overlord x4  
  90  15:26  Queen  
  92  15:29  Brood Lord x2  
  96  15:48  Brood Lord x2  
  100  15:51  Lurker x2  
  100  15:52  Lurker x5  
  92  16:57  Lurker  
  92  16:58  Lurker x3  
  96  18:48  Zerg Flyer Weapons Level 2  
  96  18:52  Evolution Chamber  
  96  18:53  Evolution Chamber  
  90  19:31  Zerg Melee Weapons Level 1  
  90  20:00  Overlord x5  
  90  20:01  Overlord  
  90  20:15  Mutalisk  
  90  20:16  Mutalisk x12  
  116  21:09  Hatchery  
  111  22:05  Corruptor  
  111  22:06  Corruptor x4  
  121  22:30  Extractor  
  121  22:31  Extractor  
Show
View Real Time Build Order
Export as new Build Order

Benoit Protoss - Winner!

Build Orders:  

Get SALT Encoding   

  12  0:02  Probe (Chrono Boost)  
  13  0:13  Probe (Chrono Boost)  
  14  0:23  Probe (Chrono Boost)  
  14  0:24  Pylon  
  15  0:43  Gateway  
  15  0:49  Probe (Chrono Boost)  
  16  1:00  Probe (Chrono Boost)  
  17  1:10  Probe (Chrono Boost)  
  17  1:11  Assimilator  
  18  1:15  Assimilator  
  18  1:23  Probe (Chrono Boost)  
  19  1:31  Cybernetics Core  
  19  1:33  Pylon  
  19  1:34  Probe (Chrono Boost)  
  20  1:55  Nexus  
  21  2:01  Probe (Chrono Boost)  
  21  2:12  Stargate  
  21  2:37  Stargate  
  21  2:39  Pylon  
  21  2:42  Pylon  
  21  2:43  Probe (Chrono Boost)  
  22  3:06  Void Ray (Chrono Boost)  
  26  3:16  Probe  
  26  3:18  Probe  
  28  3:33  Void Ray (Chrono Boost)  
  32  3:48  Forge  
  32  3:49  Probe  
  32  3:50  Probe  
  34  3:57  Assimilator  
  34  4:02  Probe x2  
  36  4:03  Assimilator  
  36  4:13  Void Ray (Chrono Boost)  
  40  4:28  Void Ray (Chrono Boost)  
  44  4:42  Probe x2  
  46  4:47  Robotics Facility  
  46  4:54  Probe x2  
  48  5:06  Probe x2  
  50  5:12  Void Ray (Chrono Boost)  
  54  5:18  Probe x2  
  56  5:30  Probe x2  
  56  5:32  Pylon, Stargate  
  58  5:36  Observer  
  59  5:45  Probe x2  
  61  5:54  Pylon  
  61  5:57  Probe x2  
  61  5:59  Pylon  
  63  6:09  Probe x2  
  63  6:11  Void Ray (Chrono Boost)  
  69  6:17  Void Ray (Chrono Boost)  
  73  6:29  Pylon  
  73  6:33  Pylon  
  73  6:36  Observer  
  78  6:43  Void Ray (Chrono Boost), Stargate  
  78  6:57  Void Ray (Chrono Boost)  
  82  7:08  Void Ray (Chrono Boost)  
  86  7:28  Nexus  
  90  7:39  Assimilator x2, Void Ray (Chrono Boost)  
  90  7:41  Pylon  
  90  7:42  Pylon  
  90  7:44  Pylon  
  90  7:46  Pylon  
  90  7:49  Protoss Air Weapons Level 1  
  90  7:50  Protoss Shields Level 1  
  90  8:00  Void Ray (Chrono Boost)  
  94  8:29  Void Ray (Chrono Boost)  
  100  8:35  Void Ray (Chrono Boost)  
  100  8:56  Void Ray (Chrono Boost)  
  100  9:01  Void Ray (Chrono Boost)  
  108  9:03  Photon Cannon x2  
  108  9:05  Photon Cannon x2  
  108  9:08  Photon Cannon  
  108  9:10  Photon Cannon  
  108  9:20  Pylon  
  108  9:22  Pylon  
  108  9:26  Photon Cannon  
  108  9:29  Photon Cannon  
  108  9:43  Photon Cannon  
  108  9:45  Photon Cannon  
  108  9:49  Photon Cannon  
  108  9:53  Pylon  
  108  9:59  Void Ray (Chrono Boost)  
  112  10:12  Fleet Beacon  
  112  10:15  Twilight Council  
  112  10:21  Cybernetics Core  
  112  10:27  Protoss Air Armor Level 1  
  112  10:30  Probe  
  117  10:42  Probe  
  117  10:43  Void Ray (Chrono Boost)  
  118  10:53  Void Ray (Chrono Boost)  
  118  10:56  Void Ray (Chrono Boost)  
  126  11:02  Protoss Air Weapons Level 2  
  126  11:10  Protoss Shields Level 2  
  126  11:20  Stargate  
  126  11:30  Stargate  
  126  11:32  Pylon  
  126  11:33  Pylon  
  126  11:36  Pylon  
  118  11:50  Void Ray (Chrono Boost)  
  118  11:51  Void Ray (Chrono Boost)  
  126  12:03  Observer  
  127  12:24  Observer, Void Ray (Chrono Boost)  
  108  13:01  Void Ray x2 (Chrono Boost)  
  108  13:02  Void Ray (Chrono Boost)  
  124  13:07  Void Ray (Chrono Boost)  
  124  13:11  Observer  
  108  13:34  Void Ray (Chrono Boost)  
  68  13:58  Void Ray x3 (Chrono Boost)  
  84  14:17  Void Ray (Chrono Boost)  
  84  14:38  Void Ray (Chrono Boost)  
  88  14:45  Void Ray (Chrono Boost)  
  92  14:48  Void Ray x2 (Chrono Boost)  
  104  14:54  Void Ray (Chrono Boost)  
  108  15:00  Void Ray (Chrono Boost)  
  108  15:21  Void Ray (Chrono Boost)  
  112  15:22  Nexus  
  112  15:33  Void Ray x2 (Chrono Boost)  
  120  15:42  Void Ray (Chrono Boost)  
  124  15:47  Assimilator  
  124  15:48  Assimilator  
  124  15:51  Pylon x2  
  124  15:56  Pylon x2  
  122  15:59  Pylon  
  118  16:04  Warp Prism  
  124  16:18  Void Ray (Chrono Boost)  
  112  16:39  Void Ray (Chrono Boost)  
  118  16:40  Void Ray (Chrono Boost)  
  118  16:55  Protoss Air Weapons Level 3  
  114  17:14  Void Ray (Chrono Boost)  
  102  17:37  Photon Cannon x2  
  102  17:39  Photon Cannon  
  102  17:43  Photon Cannon  
  102  17:44  Photon Cannon  
  102  17:47  Pylon  
  102  17:50  Pylon  
  102  18:04  Protoss Air Armor Level 2  
  102  18:11  Observer  
  103  18:23  Protoss Shields Level 3  
  103  18:32  Observer  
  104  18:53  Void Ray (Chrono Boost)  
  106  19:06  Observer  
  102  19:18  Nexus  
  78  19:51  Void Ray (Chrono Boost)  
  82  20:13  Void Ray x2 (Chrono Boost)  
  94  20:19  Void Ray (Chrono Boost)  
  82  20:42  Void Ray (Chrono Boost)  
  86  20:48  Void Ray (Chrono Boost)  
  86  21:01  Void Ray (Chrono Boost)  
  90  21:15  Assimilator  
  86  21:20  Assimilator  
  84  21:27  Observer  
  81  21:49  Observer  
  78  22:12  Void Ray x2 (Chrono Boost)  
  86  22:22  Probe  
  87  22:56  Void Ray (Chrono Boost)  
  91  23:23  Nexus  
  91  23:27  Assimilator  
  91  23:29  Assimilator  
  91  23:33  Pylon  
  91  23:35  Pylon  
  91  23:38  Pylon  
  91  23:43  Pylon  
  91  23:47  Pylon  
  91  23:58  Pylon  
  91  24:01  Pylon  
Show
View Real Time Build Order
Export as new Build Order

CEMTOKGOZ Terran - Winner!

Build Orders:  

Get SALT Encoding   

  12  0:01  SCV  
  13  0:20  SCV  
  14  0:32  SCV  
  15  1:02  Supply Depot  
  15  1:26  Barracks  
  15  1:54  SCV  
  16  2:16  Marine  
  1  4:44  SCV  
  1  4:45  Engineering Bay  
  2  4:47  Marine  
  3  4:56  SCV  
  4  5:05  Marine  
  5  5:08  SCV  
  6  5:15  Missile Turret  
  6  5:21  SCV  
  7  5:23  Marine  
  7  5:25  Missile Turret  
  7  5:26  Refinery  
  8  5:30  Missile Turret  
  8  5:33  SCV  
  9  5:40  Missile Turret  
  9  5:45  SCV  
  10  5:53  Missile Turret  
  10  5:57  SCV  
  11  6:09  SCV  
  12  6:18  Marine  
  13  6:21  SCV  
  14  6:33  SCV  
  14  6:34  Supply Depot  
  15  6:55  SCV  
  16  7:07  SCV  
  17  7:30  Command Center  
  17  7:34  Marine  
  18  7:41  Missile Turret  
  18  8:42  Refinery  
  17  8:52  Planetary Fortress  
  17  9:21  Orbital Command  
  17  9:32  Missile Turret  
  17  9:35  SCV  
  18  9:47  SCV  
  19  9:54  Missile Turret, SCV  
  20  10:06  Factory, SCV  
  21  10:10  SCV  
  22  10:18  SCV  
  22  10:20  Refinery  
  23  10:28  Barracks Tech Lab  
  23  10:30  SCV  
  24  10:42  SCV  
  25  10:53  Factory Tech Lab  
  25  10:54  Barracks, SCV  
  26  10:57  Barracks  
  26  10:59  Barracks  
  26  11:06  SCV  
  27  11:18  SCV  
  27  11:20  Marauder  
  30  11:30  SCV  
  31  11:33  Barracks  
  31  11:43  SCV  
  32  11:54  Marine  
  36  12:07  Barracks Tech Lab  
  35  12:09  Barracks Tech Lab  
  35  12:12  Barracks Tech Lab  
  35  12:13  Marauder  
  35  12:18  SCV  
  35  12:20  SCV  
  37  12:26  Terran Infantry Weapons Level 1  
  37  12:28  Barracks Tech Lab  
  37  12:30  SCV  
  38  12:53  Supply Depot  
  38  13:08  Marauder x3, SCV x2  
  46  13:14  Marine, Marauder  
  49  13:20  SCV x2  
  46  13:29  Marine  
  46  13:30  Marauder x2  
  46  13:32  Marauder, SCV  
  54  13:36  Supply Depot  
  54  13:41  Refinery  
  54  13:42  Refinery  
  54  13:58  Supply Depot, Marauder x3, SCV x2  
  54  14:00  Marauder  
  54  14:01  Marauder  
  60  14:09  Supply Depot  
  60  14:10  SCV x2  
  62  14:20  Terran Infantry Armor Level 1, Marauder x3  
  62  14:22  Marauder  
  70  14:28  Refinery  
  70  14:30  SCV  
  71  14:33  Supply Depot  
  71  14:35  Supply Depot  
  73  14:38  Marauder  
  73  14:41  Concussive Shells  
  73  14:42  SCV  
  73  14:44  Marauder  
  76  14:46  Marauder  
  78  14:54  Marauder x2, SCV  
  78  14:58  Supply Depot x2  
  83  15:01  Marauder  
  83  15:05  Marauder  
  83  15:07  SCV  
  88  15:19  SCV  
  89  15:23  Supply Depot  
  89  15:26  Marauder  
  89  15:27  Marauder  
  89  15:28  Marauder  
  84  15:31  SCV  
  85  15:36  Marauder x2  
  89  15:43  Starport  
  89  16:11  Missile Turret  
  83  16:29  Marine  
  83  16:30  Marine x3  
  83  16:31  Marine  
  88  16:33  Starport Reactor  
  88  16:34  Starport  
  88  16:47  Marine x2  
  88  16:48  Marine x2  
  89  17:29  Marine  
  89  17:30  Marine x3  
  89  17:35  Medivac  
  89  17:36  Medivac x2  
  99  17:39  Combat Shields  
  99  17:41  Stimpack  
  99  17:57  Supply Depot  
  99  18:05  Medivac  
  99  18:08  Marine  
  99  18:09  Marine  
  99  18:12  Marine  
  103  18:13  Supply Depot  
  86  18:20  Supply Depot  
  86  18:22  Marine x2  
  78  18:35  Supply Depot  
  73  18:43  Marauder  
  38  19:06  Marauder  
  40  19:33  Medivac x2  
  40  19:34  Medivac  
  40  19:36  Marauder  
  48  20:11  Marauder x4  
  48  20:12  Marauder  
  58  20:26  Command Center  
  58  20:32  Marine x2, Marauder x2  
  64  20:39  Armory  
  64  20:49  Marine, Marauder  
  66  20:50  Marine  
  66  20:51  Medivac x2  
  66  20:52  Medivac  
  66  20:53  Marine x2  
  76  21:07  Marine  
  81  21:18  Marauder x2  
  81  21:20  Marauder x2  
  85  21:27  Marauder  
  87  21:39  Marine  
  88  21:41  Medivac  
  88  21:43  Medivac  
  88  21:44  Marine  
  93  22:04  Marauder x3  
  93  22:05  Marauder x2  
  103  22:25  Marauder x3  
  109  22:31  Refinery  
  109  22:34  Refinery, SCV  
  109  22:36  Marauder  
  109  22:37  Marauder  
  114  22:46  Marauder, SCV  
  114  22:50  Marauder x2  
  121  22:58  Marauder x2, SCV  
  126  23:08  Marauder  
  126  23:10  SCV  
  126  23:11  Marauder  
  126  23:12  Marauder  
  133  23:19  Marauder x2  
  137  23:23  SCV  
  138  23:29  Marauder  
  140  23:35  SCV  
Tags
 
Add a new tag
Caveats
  • Supply blocks, unpowered buildings, or Contaminate may cause inaccurate times.
  • Supply counts are checked every 10 seconds.